 Dungeon Crawl Stone Soup version 0.30.1-3-gfc49f6343a (webtiles) character file.

Game seed: 10221429405140010301

26 Heoruswealwe the Trooper (level 2, -3/26 HPs)
             Began as a Demigod Fighter on Aug 2, 2023.
             Slain by a gnoll
             ... wielding a +0 club
              (4 damage)
             ... on level 2 of the Dungeon.
             The game lasted 00:06:10 (870 turns).

Heoruswealwe the Trooper (Demigod Fighter)           Turns: 870, Time: 00:06:12

Health: -3/26      AC:  6    Str: 17    XL:     2   Next: 69%
Magic:  4/4        EV:  9    Int: 10    God:
Gold:   102        SH:  4    Dex: 13    Spells: 1/1 levels left

rFire   . . .        a - +0 war axe
rCold   . . .        d - +0 buckler
rNeg    . . .        c - +0 scale mail
rPois   .            (no helmet)
rElec   .            (no cloak)
rCorr   .            (no gloves)
SInv    .            (no boots)
Will    .....        (no amulet) Stlth
                     (no ring)
HPRegen 0.24/turn    (no ring)
MPRegen 0.09/turn

%: no passive effects
@: no status effects
A: high MP 1, forlorn, divine attributes
a: no special abilities


You were on level 2 of the Dungeon.
You visited 1 branch of the dungeon, and saw 2 of its levels.

You collected 102 gold pieces.

Inventory:

Hand Weapons
 a - a +0 war axe (weapon)
Armour
 c - a +0 scale mail (worn)
 d - a +0 buckler (worn)
Scrolls
 g - 2 scrolls of identify {unknown}
 h - a scroll of amnesia {unknown}
Potions
 b - a potion of might
 e - a potion of brilliance {unknown}
 f - 2 potions of attraction {unknown}


   Skills:
 + Level 3.0 Fighting
 + Level 2.1 Axes
 + Level 3.0 Armour
 + Level 3.0 Shields


You had one spell level left.
You didn't know any spells.
Your spell library contained the following spells:

 Spells                   Type           Power      Damage    Failure   Level
 Sublimation of Blood     Necr           0%         N/A       94%         2
 Wereblood                Tmut           0%         N/A       94%         2
 Summon Hydra             Summ           0%         N/A       100%        7


Dungeon Overview and Level Annotations

Branches:
Dungeon (2/15)


Innate Abilities, Weirdness & Mutations

You have an increased reservoir of magic. (+10% MP)
You shall have no god before yourself.
Your divine heritage dramatically boosts your attributes as you level up.


Message History

Found 15 gold pieces.
You now have 92 gold pieces (gained 15).
Found 10 gold pieces.
You now have 102 gold pieces (gained 10).
Found a stone staircase leading down.
Found 6 stones.
Found a runed ruby amulet.
There is a stone staircase leading down here.
A gnoll comes into view. It is wielding a +0 club.
The gnoll shouts!
You hear a shout!
The gnoll moves out of view.
A gnoll comes into view. It is wielding a +0 halberd.
The gnoll moves out of view.
A bat comes into view.
The gnoll shouts!
A rat comes into view.
You block the bat's attack. The gnoll closely misses you.
A rat comes into view.
The bat hits you but does no damage. The gnoll closely misses you.
A gnoll comes into view. It is wielding a +0 halberd.
You hit the gnoll.
The gnoll is moderately wounded.
You hit the bat.
You kill the bat!
The gnoll hits you with a +0 halberd!
You hit the gnoll.
The gnoll is severely wounded.
The gnoll barely misses you.
You hit the gnoll.
The gnoll is almost dead.
You hit the gnoll but do no damage. The gnoll hits you with a +0 halberd!
The gnoll hits you but does no damage.
You closely miss the gnoll.
The gnoll is almost dead.
You hit the gnoll.
The gnoll hits you from afar with a +0 halberd!
* * * LOW HITPOINT WARNING * * *
The gnoll barely misses you. The gnoll completely misses you.
The gnoll barely misses you. The gnoll hits you with a +0 club.
You die...

## #.#####.##.....
#.. #.# #....##.#
#..# #.# #..####.#
###..# #.# #.##
#.# #..#..
#.#####.# #..
#..#.###..#....#
###
#.#.(...##....##.#
....8.8.†..>####.#
.#..rg@###.# #.#
#."#g####.####.#
#..#gr #.......# #
#..# #....####
#..# #....# #..
#....# ## #....#
#....# #....#


You could see 3 gnolls and 2 rats.

Vanquished Creatures
  A worm (D:2)
  2 bats
  An endoplasm (D:1)
  2 giant cockroaches (D:1)
  A goblin (D:1)
  7 hobgoblins (D:1)
  2 kobolds (D:1)
  A ball python (D:1)
  3 rats (D:1)
20 creatures vanquished.

Notes
Turn   | Place    | Note
-------+----------+-------------------------------------------
     0 | D:1      | Heoruswealwe the Demigod Fighter began the quest for the
                  | Orb.
     0 | D:1      | Reached XP level 1. HP: 18/18 MP: 3/3
   315 | D:1      | Reached XP level 2. HP: 23/25 MP: 4/4
   870 | D:2      | HP: 1/26 [gnoll/+0 halberd (7)]
   870 | D:2      | Slain by a gnoll

Illustrated notes

Levels and vault maps discovered:
D:1:      amcnicky_arrival_feature_with_door, layout_loops_ring
D:2:      wad_crossroads, layout_basic, minivault_27

Skill      XL: |  1  2 |
---------------+-------+-----
Axes           | 2 |  2.1
Fighting       | 3 |  3.0
Armour         | 3 |  3.0
Shields        | 3 |  3.0

Action                     || total
---------------------------++-------
  Melee: War axe           ||    53
 Armour: Scale mail        ||    15
  Dodge: Dodged            ||    33
  Block: Buckler           ||     8
